 Dungeon Crawl Stone Soup version 0.13.0-25-g43d4df3 (webtiles) character file.

289 MDvedh the Chopper (level 5, 0/42 HPs)
             Began as a Minotaur Death Knight on Oct 27, 2013.
             Was a Believer of Yredelemnul.
             Slain by Prince Ribbit (3 damage)
             ... on Level 4 of the Dungeon.
             The game lasted 00:03:27 (2428 turns).

MDvedh the Chopper (Minotaur Death Knight)          Turns: 2428, Time: 00:03:28

HP   0/42        AC  3     Str 19      XL: 5   Next: 78%
MP   5/5         EV 11     Int  8      God: Yredelemnul [**....]
Gold 51          SH  0     Dex  9      Spells:  0 memorised,  4 levels left

Res.Fire  : . . .   See Invis. : .   a - +1 hand axe {=f}
Res.Cold  : . . .   Warding    : .   b - +0 leather armour
Life Prot.: . . .   Conserve   : .   (no shield)
Res.Poison: .       Res.Corr.  : .   (helmet restricted)
Res.Elec. : .       Clarity    : .   (no cloak)
Sust.Abil.: . .     Spirit.Shd : .   (no gloves)
Res.Mut.  : .       Stasis     : .   (no boots)
Res.Rott. : .       Flight     : .   (no amulet)
Saprovore : . . .                    (no ring)
                                     (no ring)

@: slightly resistant to hostile enchantments, very unstealthy
A: retaliatory headbutt, horns 2
a: Animate Remains, Recall Undead Slaves, Injury Mirror, Renounce Religion


You were on level 4 of the Dungeon.
You worshipped Yredelemnul.
Yredelemnul was pleased with you.
You were not hungry.

You visited 1 branch of the dungeon, and saw 4 of its levels.

You collected 31 gold pieces.

Inventory:

Hand weapons
 a - a +1,+1 hand axe (weapon) {=f}
Armour
 b - a +0 leather armour (worn)
Comestibles
 c - a bread ration
 l - a meat ration
Scrolls
 d - 3 scrolls of identify
 e - a scroll of random uselessness {unknown}
 f - a scroll of remove curse {unknown}
 g - a scroll of magic mapping {unknown}
 i - a scroll of curse jewellery {unknown}
 j - a scroll of enchant armour {unknown}
 n - a scroll of blinking {unknown}
 o - a scroll of enchant weapon II {unknown}


   Skills:
 - Level 2.4 Fighting
 + Level 7.4 Axes
 - Level 1.2 Armour
 - Level 1.1 Dodging
 - Level 2.6 Invocations


You had 4 spell levels left.
You didn't know any spells.

Dungeon Overview and Level Annotations

Branches:
Dungeon (4/27)
 Temple: D:4-7

Altars:

Annotations:
D:2 Sigmund
D:3 Grinder
D:4 Prince Ribbit


Innate Abilities, Weirdness & Mutations

You reflexively headbutt those who attack you in melee.
You have a pair of horns on your head.


Message History

You hit Prince Ribbit.
Prince Ribbit is heavily wounded.
Prince Ribbit blinks!
Prince Ribbit hits you but does no damage.
You hit Prince Ribbit.
Your headbutt passes through Prince Ribbit as he momentarily phases out.
Prince Ribbit is heavily wounded.
Prince Ribbit catches a mosquito with his tongue.
Prince Ribbit hits you!
* * * LOW HITPOINT WARNING * * *
You hit Prince Ribbit. Your headbutt misses Prince Ribbit.
Prince Ribbit is heavily wounded.
Prince Ribbit hits you!
* * * LOW HITPOINT WARNING * * *
Prince Ribbit croaks regally.
Prince Ribbit barely misses you.
Prince Ribbit croaks regally.
Prince Ribbit hits you.
You die...
Your body rises from the dead as a mindless zombie.

#.# #.# ###.### #############
#.....# #
#...........######.....#..
###..#........#.............
#....#........#.####....)###
#.#..#........#.####.....#
######.#.#....<.@F.....##.#####
#..................#.#.##.#
#.#####.###........#.#.##.# #.#
#.# #.........).....###
#.#####.########%.###.......#
#.#.........................#
#.#.......##.......#....###.#####
#.........#........#....# #......
###...<.................###(.....


You could see Prince Ribbit.

Vanquished Creatures
  A phantom (D:4)
  Blork the orc (D:4)
  4 adders
  A worm (D:2)
  A giant eyeball (D:4)
  An adder skeleton (D:4)
  2 giant geckos
  An ooze (D:2)
  An orc (D:3)
  A giant cockroach (D:3)
  7 hobgoblins
  4 jackals (D:3)
  3 kobolds
  A ball python (D:2)
  4 bats
  8 giant newts (D:1)
  2 goblins
  An orc skeleton (D:1)
  A quokka skeleton (D:4)
  A rat (D:2)
46 creatures vanquished.

Vanquished Creatures (others)
  An orc zombie (D:3)
1 creature vanquished.

Grand Total: 47 creatures vanquished

Notes
Turn   | Place    | Note
--------------------------------------------------------------
     0 | D:1      | MDvedh, the Minotaur Death Knight, began the quest for the Orb.
     0 | D:1      | Reached XP level 1. HP: 17/17 MP: 2/2
   433 | D:1      | Reached skill level 3 in Axes
   724 | D:1      | Reached XP level 2. HP: 22/24 MP: 2/2
  1212 | D:2      | Reached skill level 4 in Axes
  1240 | D:2      | Acquired Yredelemnul's second power
  1313 | D:2      | Reached XP level 3. HP: 25/29 MP: 4/4
  1382 | D:2      | Noticed Sigmund
  1657 | D:3      | Reached skill level 5 in Axes
  1853 | D:3      | Reached XP level 4. HP: 29/37 MP: 4/4
  1975 | D:3      | Noticed Grinder
  1995 | D:4      | Paralysed by a giant eyeball for 2 turns
  2005 | D:4      | Paralysed by a giant eyeball for 3 turns
  2192 | D:4      | Noticed a phantom
  2219 | D:4      | Noticed Blork the orc
  2230 | D:4      | Killed a phantom
  2230 | D:4      | Reached skill level 6 in Axes
  2230 | D:4      | Reached XP level 5. HP: 24/42 MP: 5/5
  2239 | D:4      | Killed Blork the orc
  2239 | D:4      | Reached skill level 7 in Axes
  2405 | D:4      | Noticed Prince Ribbit
  2428 | D:4      | Slain by Prince Ribbit

Action                   |  1- 3 |  4- 6 || total
-------------------------+-------+-------++-------
Melee: Hand axe          |    71 |    59 ||   130
Invok: Animate Remains   |     1 |       ||     1
  Use: Scroll            |     1 |       ||     1
       Potion            |       |     3 ||     3
